 Dungeon Crawl Stone Soup version 0.20.1-1-g8b1a95d (webtiles) character file.

75 robba the Charmwright (level 4, -1/34 HPs)
             Began as a Human Skald on Sept 20, 2017.
             Slain by a hobgoblin
             ... wielding a +0 club
              (2 damage)
             ... on level 3 of the Dungeon.
             The game lasted 00:11:53 (2557 turns).

robba the Charmwright (Human Skald)                 Turns: 2557, Time: 00:11:54

Health: -1/34      AC:  5    Str: 12    XL:     4   Next: 55%
Magic:  4/7        EV: 12    Int: 13    God:
Gold:   99         SH:  0    Dex: 13    Spells: 4/7 levels left

rFire    . . .     SeeInvis .   (no weapon)
rCold    . . .     Gourm    .   (no shield)
rNeg     . . .     Faith    .   b - +1 leather armour
rPois    .         Spirit   .   (no helmet)
rElec    .         Reflect  .   s - +0 cloak
rCorr    .         Harm     .   e - -1 pair of gloves (curse)
MR       .....                  (no boots)
Stlth    +.........             (no amulet)
Regen    0.2/turn               k - ring of flight
MPRegen  0.1/turn               (no ring)

@: no status effects
A: no striking features
a: Evoke Flight


You were on level 3 of the Dungeon.
You were hungry.

You visited 1 branch of the dungeon, and saw 3 of its levels.

You collected 99 gold pieces.

Inventory:

Hand Weapons
 a - a +0 hand axe
 p - a +0 war axe
Missiles
 n - 32 poisoned needles (quivered)
Armour
 b - a +1 leather armour (worn)
 e - a cursed -1 pair of gloves (worn)
 s - a +0 cloak (worn)
Jewellery
 k - a ring of flight (left hand)
Scrolls
 i - 2 scrolls of immolation
 o - 2 scrolls of fog
 r - a scroll of remove curse
Potions
 g - a potion of might {unknown}
 h - 2 potions of flight
 j - a potion of haste {unknown}
 l - 2 potions of lignification
 m - a potion of degeneration {unknown}
Books
 c - a book of Battle

   Spells                             Type                      Level
   a - Infusion                       Charms                       1
   b - Shroud of Golubria             Charms/Translocation         2
   c - Song of Slaying                Charms                       2
   d - Spectral Weapon                Hexes/Charms                 3
   e - Regeneration                   Charms/Necromancy            3
Comestibles
 d - 2 bread rations
 f - 8 fruits
 q - a chunk of flesh


   Skills:
 + Level 2.6 Fighting
 + Level 3.0 Axes
 + Level 1.5 Armour
 + Level 2.4 Dodging
 + Level 0.4 Stealth
 + Level 2.1 Spellcasting
 + Level 3.3 Charms


You had 4 spell levels left.
You knew the following spells:

 Your Spells              Type           Power        Failure   Level  Hunger
a - Infusion              Chrm           #...         9%          1    ##.....
b - Shroud of Golubria    Chrm/Tloc      #.........   24%         2    ###....


Dungeon Overview and Level Annotations

Branches:
Dungeon (3/15)

Altars:


Message History

The hobgoblin hits you but does no damage.
The hobgoblin hits you but does no damage.
The hobgoblin hits you but does no damage.
The hobgoblin hits you but does no damage.
The hobgoblin hits you but does no damage.
The hobgoblin hits you but does no damage.
The hobgoblin hits you but does no damage.
The hobgoblin hits you but does no damage.
You feel less wooden.
Your +0 cloak unmelds from your body.
Your cursed -1 pair of gloves unmelds from your body.
Your +1 leather armour unmelds from your body.
The hobgoblin hits you with a club.
* * * LOW HITPOINT WARNING * * *
The hobgoblin hits you but does no damage.
The hobgoblin hits you with a club.
* * * LOW HITPOINT WARNING * * *
The hobgoblin closely misses you. The hobgoblin hits you with a club.
You die...

####################### ≈≈
≈≈≈≈≈≈≈≈≈≈≈≈≈≈≈≈≈≈≈≈≈≈#####≈≈≈
≈≈≈≈≈≈≈≈≈≈≈≈≈≈≈≈≈≈≈≈≈≈≈≈≈≈≈≈≈≈
≈≈≈≈≈≈≈≈≈≈≈≈≈≈≈≈≈≈≈≈≈≈≈≈≈≈≈≈≈≈
≈.≈.≈.≈.≈≈.≈.≈≈≈.≈≈≈≈..≈≈..≈≈.
.......(..((.......†..........
...$......†)†g@...............
####...####(>##.......##.#####
##.. #..###.....)....# #..
#..# ##...######... #..
..........# ..# ...
.#..#####..# .# ###.
#.#<.....<..# .# #
#.#####...######..#
#.........†.......###


You could see a hobgoblin.

Vanquished Creatures
  3 adders
  An ooze (D:2)
  A dart slug (D:1)
  A leopard gecko (D:3)
  3 giant cockroaches
  5 goblins
  7 hobgoblins
  A ball python (D:1)
  3 bats (D:1)
  6 frilled lizards
  8 kobolds
  3 rats
  2 plants (D:1)
44 creatures vanquished.

Notes
Turn   | Place    | Note
-------+----------+-------------------------------------------
     0 | D:1      | robba the Human Skald began the quest for the Orb.
     0 | D:1      | Reached XP level 1. HP: 16/16 MP: 3/3
   278 | D:1      | Reached XP level 2. HP: 9/22 MP: 5/5
   426 | D:1      | Learned a level 2 spell: Song of Slaying
   661 | D:1      | Learned a level 2 spell: Shroud of Golubria
   867 | D:1      | Reached XP level 3. HP: 19/27 MP: 6/6
  2365 | D:3      | Reached XP level 4. HP: 30/34 MP: 7/7
  2555 | D:3      | HP: 1/34 [hobgoblin/club (3)]
  2557 | D:3      | Slain by a hobgoblin

Skill      XL: |  1  2  3  4 |
---------------+-------------+-----
Axes           | 3 |  3.0
Fighting       | |  2.6
Armour         | |  1.5
Dodging        | |  2.4
Stealth        | |  0.4
Spellcasting   | |  2.1
Charms         | |  3.3

Action                   |  1- 3 |  4- 6 || total
-------------------------+-------+-------++-------
Melee: Hand axe          |   233 |    33 ||   266
 Cast: Infusion          |     1 |     2 ||     3
       Song of Slaying   |     1 |       ||     1
       Shroud of Golubri |       |     1 ||     1
  Use: Scroll            |     8 |       ||     8
       Potion            |     1 |     1 ||     2
  Eat: Bread ration      |     1 |       ||     1
       Chunk             |       |     1 ||     1
Armor: Leather armour    |    18 |    13 ||    31
       Skin              |       |    23 ||    23
Dodge: Dodged            |    75 |    42 ||   117
